 Dungeon Crawl Stone Soup version 0.32-a0-306-gfed3edf829 (webtiles) character file.

Game seed: 9738396786990100639

2582 PriceMaster the Digger (level 9, 0/81 HPs)
             Began as an Octopode Earth Elementalist on Feb 14, 2024.
             Was a Follower of Vehumet.
             Slain by a killer bee (6 damage)
             ... on level 7 of the Dungeon.
             The game lasted 00:18:33 (7135 turns).

PriceMaster the Digger (OpEE)                       Turns: 7135, Time: 00:18:34

Health: 0/81       AC: 27    Str:  9    XL:     9   Next: 58%
Magic:  13/19      EV:  2    Int: 20    God:    Vehumet [*.....]
Gold:   215        SH:  0    Dex: 12    Spells: 14/22 levels left

rFire   + . .        x - +9 lance "Wyrmbane" {slay drac, rPois rF+ rC+ AC+3}
rCold   + . .        (no shield)
rNeg    . . .        (helmet currently unavailable)
rPois   +            e - amulet of magic regeneration
rElec   .            l - +5 ring of evasion
rCorr   .            (no ring)
SInv    .            (no ring)
Will    .....        (no ring)
Stlth   +++          (no ring)
HPRegen 0.33/turn    (no ring)
MPRegen 0.56/turn    (no ring)
                     (no ring)

%: no passive effects
@: lethally poisoned (0 -> -9), tree-form
A: stationary, stasis, torment immunity, boosted hp, almost no armour,
(amphibious), 8 rings, (camouflage 1), (gelatinous body 1), (nimble swimmer 1),
(tentacles)
a: Renounce Religion


You were on level 7 of the Dungeon.
You worshipped Vehumet.
Vehumet was aware of your devotion.
You were a tree.
You visited 1 branch of the dungeon, and saw 7 of its levels.

You collected 215 gold pieces.

Inventory:

Hand Weapons
 d - a +1 quarterstaff of speed
 k - the +4 trident "Defexamm" {antimagic, rElec}
   (You found it on level 4 of the Dungeon)

   rElec:     It insulates you from electricity.
 x - the +9 lance "Wyrmbane" (weapon) {slay drac, rPois rF+ rC+ AC+3}
   (You took it off Maggie on level 6 of the Dungeon)

   AC+3:      It affects your AC (+3).
   rF+:       It protects you from fire.
   rC+:       It protects you from cold.
   rPois:     It protects you from poison
Magical Staves
 h - a staff of earth
Jewellery
 e - an amulet of magic regeneration (around neck)
 l - a +5 ring of evasion (left branch)
 n - the amulet of Elemental Vulnerability {rPois rF-- rC-- AC+8}
   (You found it on level 4 of the Dungeon)

   [amulet of nothing]

   AC+8:      It affects your AC (+8).
   rF--:      It makes you very vulnerable to fire.
   rC--:      It makes you very vulnerable to cold.
   rPois:     It protects you from poison
Wands
 g - a wand of polymorph (9)
 m - a wand of flame (52)
 u - a wand of paralysis (3)
Scrolls
 a - 2 scrolls of amnesia
 b - 2 scrolls of teleportation
 c - a scroll of immolation
 j - a scroll of blinking
 o - 3 scrolls of noise
 v - a scroll of poison
 y - a scroll of identify
Potions
 f - a potion of attraction
 i - 2 potions of lignification
 q - a potion of ambrosia {unknown}
 r - a potion of invisibility {unknown}
 s - a potion of magic
 t - a potion of cancellation {unknown}
 w - a potion of degeneration {unknown}
 z - a potion of heal wounds


   Skills:
 + Level 1.6 Fighting
 + Level 2.0(2.3) Polearms
 + Level 1.4(2.0) Staves
 + Level 2.7 Dodging
 + Level 5.4 Stealth
 + Level 7.0 Spellcasting
 + Level 5.4 Conjurations
 + Level 7.6 Earth Magic
 + Level 0.5 Evocations


You had 14 spell levels left.
You knew the following spells:

 Your Spells              Type           Power      Damage    Failure   Level
a - Sandblast             Erth           74%        2d16      1%          1
b - Stone Arrow           Conj/Erth      66%        3d11      1%          3
c - Brom's Barrelling Bo  Conj/Erth      33%        2d5       6%          4

Your spell library contained the following spells:

 Spells                   Type           Power      Damage    Failure   Level
 Shock                    Conj/Air       68%        1d7       3%          1
 Passwall                 Erth           37%        N/A       1%          3
 Petrify                  Alch/Erth      22%        N/A       19%         4
 Call Canine Familiar     Summ           7%         N/A       28%         3
 Sigil of Binding         Hex            7%         N/A       28%         3
 Dimensional Bullseye     Hex/Tloc       3%         N/A       67%         4


Dungeon Overview and Level Annotations

Branches:
Dungeon (7/15)             Temple (0/1) D:6

Altars:
Makhleb
Trog
Vehumet
Yredelemnul
The Shining One

Shops:
D:5 !**!

Annotations:
D:3 1 transporter


Innate Abilities, Weirdness & Mutations

You are a tree.
Your roots penetrate the ground, keeping you stationary.
You cannot be teleported.
You are immune to unholy pain and torment.
Your maximum health is greatly increased.
You cannot wear most types of armour.
((You are amphibious.))
You can wear up to eight rings at the same time.
((Your skin changes colour to match your surroundings (Stealth+).))
((Your rubbery body absorbs attacks. (AC +1, EV +1)))
((You are camouflaged when in or above water. (Stealth+)))
((You have tentacles for arms and can constrict up to eight enemies at once.))


Message History

* * * LOW HITPOINT WARNING * * *
You are more poisoned.
The killer bee poisons you! The killer bee barely misses you.
The killer bee stings you but does no damage.
You feel better.
The killer bee stings you but does no damage.
The killer bee stings you.
* * * LOW HITPOINT WARNING * * *
The killer bee stings you but does no damage. x3
The killer bee barely misses you.
You hit the killer bee.
The killer bee is moderately wounded.
The killer bee stings you.
* * * LOW HITPOINT WARNING * * *
You are poisoned.
The killer bee poisons you!
The killer bee stings you but does no damage. x4
The killer bee stings you.
* * * LOW HITPOINT WARNING * * *
You closely miss the killer bee.
The killer bee is moderately wounded.
You feel sick.
The killer bee stings you but does no damage. x2
The killer bee stings you.
* * * LOW HITPOINT WARNING * * *
You are lethally poisoned!
The killer bee poisons you!
The killer bee stings you but does no damage. x3
Okay, then.
Okay, then.
Casting: Sandblast (safe; 1% risk of failure)
Confirm with . or Enter, or press ? or * to list all spells.
Aiming: Stone Arrow (safe; 1% risk of failure)
Press: ? - help, Shift-Dir - straight line, f - killer bee
Aim: a killer bee (48% to hit)
The stone arrow misses the killer bee.
* * * LOW HITPOINT WARNING * * *
You feel very sick. The killer bee stings you.
You die...

###.....#)######.#.#..#
...#....)........#.#.###
##.#..#.#.###..........#
.....>.............###.#
##.#.)###.###.#####.#
#.#....#.# #.......#
#.#...##.###.......#
#.#..<.|.##..#y#y#.#
#.#..#####....†♣y..#
#.#..........#.#.#.#
#...########.......#
#...#........#.#.#....
###.#.# ##.........###
#.#.# ##..#######
#.#y........
#.#####.#### #.....#


You could see 3 killer bees.

Vanquished Creatures
  Maggie (D:6)
  Grinder (D:5)
  The ghost of DeathSocks the Cutter, an amateur VSBe of Trog (D:3)
  Eustachio (D:5)
  A steam dragon (D:6)
  A water moccasin (D:5)
  A black bear (D:4)
  A centaur (D:7)
  An ogre (D:6)
  2 phantoms (D:6)
  A kobold brigand (D:7)
  3 wights (D:6)
  3 killer bees (D:7)
  A howler monkey (D:5)
  2 bombardier beetles
  A jelly (D:5)
  A gnoll bouda (D:6)
  2 sleepcaps
  4 hounds
  Ijyb (D:5)
  A human skeleton (D:4)
  2 iguanas
  Natasha (thrice) (D:4)
  A hound skeleton (D:4)
  5 gnolls (D:6)
  7 adders
  A white imp (D:5)
  3 dart slugs
  12 orcs
  6 endoplasms
  3 giant cockroaches
  7 goblins
  3 hobgoblins
  3 jackals (D:3)
  3 quokkas
  8 ball pythons
  4 bats
  12 kobolds
  A rat (D:3)
115 creatures vanquished.

Vanquished Creatures (collateral kills)
  2 orcs
  11 boulders
13 creatures vanquished.

Vanquished Creatures (others)
  22 boulders
22 creatures vanquished.

Grand Total: 150 creatures vanquished

Notes
Turn   | Place    | Note
-------+----------+-------------------------------------------
     0 | D:1      | PriceMaster the Octopode Earth Elementalist began the quest
                  | for the Orb.
     0 | D:1      | Reached XP level 1. HP: 11/11 MP: 3/3
   129 | D:1      | You fall into a shaft and drop 1 floor!
   152 | D:2      | Reached XP level 2. HP: 17/17 MP: 3/5
   323 | D:2      | Reached XP level 3. HP: 21/21 MP: 0/7
   327 | D:2      | Learned a level 3 spell: Stone Arrow
   652 | D:2      | Reached XP level 4. HP: 27/27 MP: 5/9
  2078 | D:3      | Reached XP level 5. HP: 27/31 MP: 4/10
  2287 | D:3      | Found a basalt altar of Yredelemnul.
  2297 | D:3      | Found a radiant altar of Vehumet.
  2627 | D:3      | Found a transporter.
  2631 | D:3      | Noticed DeathSocks's ghost (amateur VSBe)
  2632 | D:3      | Found a transporter.
  2888 | D:3      | Found a glowing golden altar of the Shining One.
  3123 | D:3      | Upgraded the game from 0.32-a0-290-g598725c5f2 to
                  | 0.32-a0-306-gfed3edf829
  3164 | D:3      | Reached XP level 6. HP: 36/36 MP: 6/12
  3471 | D:3      | Became a worshipper of Vehumet
  3610 | D:3      | Killed DeathSocks's ghost
  3611 | D:3      | Reached skill level 5 in Earth Magic
  3837 | D:4      | Noticed a black bear
  3853 | D:4      | Learned a level 4 spell: Brom's Barrelling Boulder
  3880 | D:4      | Killed a black bear
  3881 | D:4      | Reached skill level 5 in Spellcasting
  3881 | D:4      | Reached XP level 7. HP: 35/41 MP: 10/14
  3940 | D:4      | Noticed Natasha
  3952 | D:4      | Killed Natasha
  4008 | D:4      | Noticed Natasha
  4010 | D:4      | Identified the +4 trident "Defexamm" {antimagic, rElec}
  4019 | D:4      | Killed Natasha
  4047 | D:4      | Noticed Natasha
  4053 | D:4      | Killed Natasha
  4117 | D:4      | Found the amulet of Elemental Vulnerability {rPois rF--
                  | rC-- AC+8}
  4461 | D:4      | Found a burning altar of Makhleb.
  4570 | D:5      | Entered Level 5 of the Dungeon
  4573 | D:5      | Noticed Grinder
  4595 | D:5      | Killed Grinder
  4596 | D:5      | Reached skill level 1 in Polearms
  4596 | D:5      | Reached XP level 8. HP: 42/47 MP: 5/16
  4649 | D:5      | Noticed Ijyb
  4664 | D:5      | Killed Ijyb
  4679 | D:5      | Reached skill level 1 in Fighting
  4712 | D:5      | Found Jeir's Distillery.
  4723 | D:5      | Found Bietrab's Assorted Antiques.
  4784 | D:5      | Found a bloodstained altar of Trog.
  4829 | D:5      | Found Uhit Xat's Distillery.
  5108 | D:5      | Found Wiorr's Assorted Antiques.
  5152 | D:5      | Noticed Eustachio
  5163 | D:5      | Killed Eustachio
  5164 | D:5      | Reached skill level 1 in Staves
  5615 | D:6      | Reached * piety under Vehumet
  5615 | D:6      | Offered knowledge of Shock by Vehumet.
  5988 | D:6      | Reached XP level 9. HP: 8/53 MP: 4/18
  6303 | D:6      | Reached skill level 5 in Conjurations
  6549 | D:6      | Noticed Maggie
  6582 | D:6      | Killed Maggie
  6583 | D:6      | Reached skill level 5 in Stealth
  6760 | D:6      | Found a staircase to the Ecumenical Temple.
  7135 | D:7      | Slain by a killer bee

Illustrated notes

Levels and vault maps discovered:
D:1:      nicolae_arrival_somewhat_less_tricky_arrival, layout_loops_ring,
          minmay_hedge_maze, minmay_heptomino_o4
D:2:      layout_basic, grunt_ministairs_13
D:3:      layout_loops_corners, tso_altar, amethyst_overflow_temple_binary,
          gammafunk_ghost_mausoleum, minmay_joined_circles
D:4:      layout_cave_pools, makhleb_blood_cavern_becter, uniq_natasha
D:5:      layout_basic, lemuel_round_altar, serial_shops, kennysheep_little_box,
          shop, shop, nicolae_shop_waterfront, minmay_misc_feat_columns,
          hangedman_decor_growths, uniq_eustachio, uniq_ijyb, uniq_grinder
D:6:      layout_cave_pods, temple_hall_moat, uniq_maggie
D:7:      layout_basic, nicolae_dithmenos_shadow_blocks,
          serial_co_window_serial, co_window_of_opportunity_a,
          co_window_of_opportunity_a, co_window_of_opportunity_a,
          co_window_corner_a, co_window_paths_b, co_window_unsneaky_path_b,
          co_window_of_opportunity_b, co_window_corner_cb, co_window_4corner_b,
          co_window_4corner_a, glass_columns_a, glass_columns_b,
          glass_columns_b, nicolae_nh_ransacked_shop

Skill      XL: |  1  2  3  4  5  6  7  8  9 |
---------------+----------------------------+-----
Spellcasting   | 3 4 5 6 7 |  7.0
Earth Magic    | 4 5 6 7 |  7.6
Stealth        | 3 4 5 |  5.4
Conjurations   | 2 3 4 5 |  5.4
Polearms       | 1 2 |  2.0
Fighting       | 1 |  1.6
Staves         | 1 |  1.4
Dodging        | |  2.7
Evocations     | |  0.5

Action                     |  1- 3 |  4- 6 |  7- 9 || total
---------------------------+-------+-------+-------++-------
  Melee: Quarterstaff      |       |     7 |       ||     7
         Constrict         |       |     2 |    15 ||    17
         Tentacles         |       |     1 |    10 ||    11
         Staff             |       |       |    42 ||    42
         Trident           |       |       |     8 ||     8
         Lance             |       |       |    12 ||    12
   Cast: Sandblast         |    15 |    16 |     3 ||    34
         Stone Arrow       |     2 |    46 |    27 ||    75
         Brom's Barrelling |       |     2 |    64 ||    66
  Evoke: Wand              |       |       |     4 ||     4
    Use: Scroll            |       |    11 |     3 ||    14
         Potion            |       |     5 |     6 ||    11
   Stab: Sleeping          |       |       |     2 ||     2
         Distracted        |       |       |     1 ||     1
 Armour: Skin              |     1 |    17 |   117 ||   135
  Dodge: Dodged            |     1 |    38 |    53 ||    92

Table legend: (Time is in decaauts)
 A = Elapsed time spent in this place.
 B = Non-inter-level travel time spent in this place.
 C = Inter-level travel time spent in this place.
 D = Time resting spent in this place.
 E = Time spent auto-exploring this place.
 F = Levels seen in this place.
 G = Mean time per level.
                   A        B        C        D        E       F      G
               +--------+--------+--------+--------+--------+-----+--------+
         Total |   7155 |   6779 |    376 |   1524 |   4177 |   7 | 1022.1 |
       Dungeon |   7155 |   6779 |    376 |   1524 |   4177 |   7 | 1022.1 |
               +--------+--------+--------+--------+--------+-----+--------+

Top non-repeatable levels by time:
     D:3: 1830 daAuts
     D:6: 1628 daAuts
     D:1: 1037 daAuts
     D:2: 961 daAuts
     D:4: 758 daAuts
     D:5: 706 daAuts
     D:7: 232 daAuts
